 Dungeon Crawl Stone Soup version 0.22.1-5-g62c59d9 (webtiles) character file.

8323 Fang the Cleaver (level 11, -12/106 HPs)
             Began as a Gargoyle Berserker on Jan 15, 2019.
             Was a High Priest of Trog.
             Mangled by Snorg (15 damage)
             ... on level 11 of the Dungeon.
             The game lasted 00:19:53 (9758 turns).

Fang the Cleaver (Gargoyle Berserker)               Turns: 9758, Time: 00:19:53

Health: -12/106    AC: 18    Str: 32    XL:     11   Next: 29%
Magic:  11/11      EV: 12    Int:  8    God:    Trog [*****.]
Gold:   845        SH:  0    Dex:  7    Spells: 10/10 levels left

rFire    . . .     SeeInvis .   D - +2 hand axe (flame)
rCold    . . .     Gourm    .   (no shield)
rNeg     + + +     Faith    .   E - +0 scale mail of Amelioration {rN++ MR+ Dex-4}
rPois    ∞         Spirit   .   (no helmet)
rElec    +         Reflect  .   (no cloak)
rCorr    .         Harm     .   g - +1 pair of gloves
MR       .....                  (no boots)
Stlth    ..........             q - amulet of the acrobat
HPRegen  0.27/turn              H - +2 ring of dexterity
MPRegen  0.12/turn              t - +3 ring of strength

@: berserking, vulnerable, very quick
A: negative energy resistance 1, electricity resistance, unbreathing,
petrification resistance, rot immunity, AC +8
a: Berserk, Trog's Hand, Brothers in Arms, Renounce Religion


You were on level 11 of the Dungeon.
You worshipped Trog.
Trog was extremely pleased with you.
You were near starving.

You visited 1 branch of the dungeon, and saw 11 of its levels.
You also visited: Ossuary.

You collected 845 gold pieces.

Inventory:

Hand Weapons
 l - a +1 war axe of freezing
 u - a +1 hand axe of chopping
 D - a +2 hand axe of flaming (weapon)
Armour
 g - a +1 pair of gloves (worn)
 E - the +0 scale mail of Amelioration (worn) {rN++ MR+ Dex-4}
   (You found it on level 5 of the Dungeon)

   It affects your dexterity (-4).
   It greatly protects you from negative energy.
   It affects your resistance to hostile enchantments.
 F - a +1 plate armour
Jewellery
 j - an uncursed ring of protection from fire
 q - an amulet of the acrobat (around neck)
 t - a +3 ring of strength (right hand)
 G - an uncursed ring of flight
 H - a +2 ring of dexterity (left hand)
Wands
 a - a wand of polymorph (15)
Scrolls
 d - 5 scrolls of fear
 f - 3 scrolls of teleportation
 r - 2 scrolls of blinking
 s - 5 scrolls of remove curse
Potions
 h - 3 potions of resistance
 k - a potion of flight
 n - 2 potions of haste
 p - 4 potions of heal wounds
 v - a potion of agility
 x - 3 potions of lignification
 z - a potion of berserk rage
 A - a potion of mutation
 B - 3 potions of curing
 C - 3 potions of might
Comestibles
 c - 16 rations


   Skills:
 + Level 9.0 Fighting
 + Level 11.4 Axes
 + Level 7.9 Armour
 + Level 5.2 Dodging
 + Level 2.3 Stealth


You had 10 spell levels left.
You didn't know any spells.
Your spell library was empty.

Dungeon Overview and Level Annotations

Branches:
Dungeon (11/15)
 Temple: D:4-7         Lair: D:8-11         Orc: D:9-12

Altars:
Cheibriados
Dithmenos
Wu Jian
Yredelemnul

Annotations:
D:11 Snorg


Innate Abilities, Weirdness & Mutations

You are resistant to torment.
Your stone body is resilient. (AC +8)
You are immune to poison.
You resist negative energy. (rN+)
You are resistant to electric shocks. (rElec)
You can survive without breathing.
You are immune to petrification.
You are immune to rotting.


Message History

You are near starving!
Snorg bites you. Snorg barely misses you. Snorg closely misses you. x2
Snorg barely misses you. Snorg claws you.
You slash Snorg! You burn Snorg.
Snorg is moderately wounded.
Snorg bites you.
* * * LOW HITPOINT WARNING * * *
Snorg claws you!
* * * LOW HITPOINT WARNING * * *
Snorg claws you!
* * * LOW HITPOINT WARNING * * *
You slice Snorg!! You burn Snorg.
Snorg is heavily wounded.
Unknown command.
You slice Snorg!! You burn Snorg.
Snorg is severely wounded.
Snorg bites you!
* * * LOW HITPOINT WARNING * * *
Snorg claws you!
You die...

<. .. .# .# .#
##
#.######.###...
#....<.T....#.#
#.#####@.......
#...##.#. #...#
#......
....##.# .#...
.. #. ...( . ##
#####


You could see Snorg (berserk).

Vanquished Creatures
  A two-headed ogre (D:10)
  Pikel (D:7)
  2 centaur skeletons
  A troll (D:10)
  2 hippogriffs (D:10)
  A human (D:8)
  6 yaks (D:10)
  2 water moccasins
  3 sky beasts
  2 slaves (D:7)
  An orc warrior (D:7)
  4 ice beasts
  2 ogres
  A phantom (D:5)
  A centaur (D:7)
  3 big kobolds
  2 elf zombies (D:5)
  Blork the orc (D:5)
  6 bullfrogs
  A gnoll sergeant (D:7)
  2 elf skeletons (D:5)
  A water moccasin skeleton (D:4)
  2 scorpions
  11 killer bees (D:9)
  8 wights (D:10)
  5 howler monkeys
  6 crimson imps
  A bullfrog zombie (D:7)
  3 centaur zombies
  A hound (D:5)
  A quasit (D:5)
  An iron imp (D:8)
  5 orc priests
  8 orc wizards
  Jessica (D:3)
  9 worker ants
  5 iguanas
  A human skeleton (D:5)
  8 mummies (Ossuary)
  9 gnolls
  16 adders
  2 shadow imps
  2 oozes
  An adder skeleton (D:6)
  2 worms
  A dart slug (D:3)
  9 leopard geckos
  29 orcs
  6 giant cockroaches
  4 goblins
  7 hobgoblins
  6 jackals
  25 kobolds
  2 quokkas
  A ball python (D:3)
  11 bats
  5 frilled lizards
  3 hobgoblin zombies (Ossuary)
  2 jackal skeletons
  3 kobold zombies (Ossuary)
  An orc skeleton (D:5)
  2 orc zombies (Ossuary)
  A quokka skeleton (D:4)
  4 rats
  A spectral orc (D:9)
277 creatures vanquished.

Notes
Turn   | Place    | Note
-------+----------+-------------------------------------------
     0 | D:1      | Fang the Gargoyle Berserker began the quest for the Orb.
     0 | D:1      | Reached XP level 1. HP: 14/14 MP: 1/1
    66 | D:1      | Reached XP level 2. HP: 14/19 MP: 2/2
   347 | D:1      | Reached skill level 3 in Axes
   875 | D:1      | Reached XP level 3. HP: 24/24 MP: 3/3
  1419 | D:2      | Reached XP level 4. HP: 29/29 MP: 4/4
  1433 | D:2      | Reached ** piety under Trog
  1850 | D:3      | Noticed Jessica
  1860 | D:3      | Killed Jessica
  1951 | D:3      | Reached XP level 5. HP: 32/33 MP: 5/5
  2128 | D:3      | Reached skill level 4 in Axes
  2407 | D:3      | Noticed a sky beast
  2428 | D:3      | Killed a sky beast
  2428 | D:3      | Reached XP level 6. HP: 39/39 MP: 6/6
  2827 | D:3      | Reached *** piety under Trog
  2893 | D:4      | Reached skill level 5 in Axes
  2943 | D:4      | Reached XP level 7. HP: 43/44 MP: 7/7
  3479 | D:4      | Reached skill level 5 in Fighting
  3849 | D:5      | Entered Level 5 of the Dungeon
  3899 | D:5      | Reached skill level 6 in Axes
  3939 | D:5      | Reached XP level 8. HP: 44/49 MP: 8/8
  3971 | D:5      | Found a shadowy altar of Dithmenos.
  4010 | D:5      | Noticed Blork the orc
  4017 | D:5      | Killed Blork the orc
  4311 | D:5      | Found a sand-covered staircase.
  4320 | Ossuary  | Entered an ossuary
  4330 | Ossuary  | Reached **** piety under Trog
  4419 | Ossuary  | Reached skill level 5 in Armour
  4585 | D:5      | Reached skill level 7 in Axes
  4849 | D:5      | Got a distressingly furry scale mail
  4860 | D:5      | Identified the +0 scale mail of Amelioration {rN++ MR+
                  | Dex-4} (You found it on level 5 of the Dungeon)
  4946 | D:6      | Found an ornate altar of the Wu Jian Council.
  5020 | D:6      | Reached XP level 9. HP: 50/55 MP: 9/9
  5174 | D:6      | Reached skill level 8 in Axes
  5264 | D:6      | Reached skill level 1 in Stealth
  6006 | D:7      | Reached ***** piety under Trog
  6311 | D:7      | Noticed Pikel
  6332 | D:7      | Killed Pikel
  6332 | D:7      | Reached skill level 9 in Axes
  6555 | D:7      | Reached XP level 10. HP: 49/61 MP: 10/10
  6616 | D:7      | Received a gift from Trog
  7844 | D:8      | Found a snail-covered altar of Cheibriados.
  8049 | D:9      | Reached skill level 10 in Axes
  8544 | D:9      | Found a basalt altar of Yredelemnul.
  8925 | D:10     | Entered Level 10 of the Dungeon
  9008 | D:10     | Noticed a two-headed ogre
  9021 | D:10     | Killed a two-headed ogre
  9021 | D:10     | Reached skill level 5 in Dodging
  9190 | D:10     | Reached XP level 11. HP: 48/69 MP: 11/11
  9344 | D:10     | Reached skill level 11 in Axes
  9746 | D:11     | Noticed Snorg
  9758 | D:11     | HP: 3/106 [Snorg (9)]
  9758 | D:11     | Mangled by Snorg

Skill      XL: |  1  2  3  4  5  6  7  8  9 10 11 |
---------------+----------------------------------+-----
Axes           | 3 4 5 6 7 9 10 11 | 11.4
Fighting       | 4 5 6 8 9 |  9.0
Dodging        | 2 3 4 5 |  5.2
Armour         | 3 4 5 6 7 |  7.9
Stealth        | 1 2 |  2.3

Action                   |  1- 3 |  4- 6 |  7- 9 | 10-12 || total
-------------------------+-------+-------+-------+-------++-------
Melee: Hand axe          |   112 |   227 |   577 |   382 ||  1298
Invok: Berserk           |       |     3 |     3 |     4 ||    10
  Use: Scroll            |       |       |       |    25 ||    25
 Stab: Sleeping          |     1 |       |       |       ||     1
  Eat: Chunk             |     1 |     9 |    11 |     6 ||    27
       Ration            |       |       |     1 |     2 ||     3
Armor: Animal skin       |    29 |       |       |       ||    29
       Scale mail        |    28 |   133 |   274 |   178 ||   613
Dodge: Dodged            |    75 |   157 |   319 |   259 ||   810
